 Dungeon Crawl Stone Soup version 0.31-a0-232-gb1c03b2570 (webtiles) character file.

Game seed: 4580013326165466758

35 qw the Shooter (level 3, 0/21 HPs)
             Began as a Gargoyle Hexslinger on July 7, 2023.
             Frozen to death by an endoplasm (2 damage)
             ... on level 2 of the Dungeon.
             The game lasted 00:00:26 (1519 turns).

qw the Shooter (Gargoyle Hexslinger)                Turns: 1519, Time: 00:00:27

Health: 0/21       AC:  8    Str:  8 (11) XL:     3   Next: 35%
Magic:  4/4        EV: 10    Int: 12 (13) God:
Gold:   91         SH:  0    Dex: 11 (14) Spells: 3/4 levels left

rFire   . . .        Y - +0 arbalest
rCold   . . .        (shield currently unavailable)
rNeg    + . .        f - +0 ring mail
rPois   inf          (no helmet)
rElec   +            (no cloak)
rCorr   .            (no gloves)
SInv    .            (no boots)
Will    .....        i - amulet of faith
Stlth   +            (no ring)
HPRegen 0.23/turn    (no ring)
MPRegen 0.09/turn

%: faith
@: weak-willed
A: sickness immunity, AC +3, negative energy resistance 1, electricity
resistance, torment resistance 1, petrification resistance
a: no special abilities


You were on level 2 of the Dungeon.
You visited 1 branch of the dungeon, and saw 3 of its levels.

You collected 91 gold pieces.


Innate Abilities, Weirdness & Mutations

You are immune to sickness and miasma.
Your stone body is resilient. (AC +3)
You are immune to poison.
You resist negative energy. (rN+)
You are resistant to electric shocks. (rElec)
You are resistant to unholy torment.
You are immune to petrification.


   Skills:
 - Level 2.0 Fighting
 + Level 3.2 Ranged Weapons
 - Level 1.5 Dodging
 - Level 1.0 Spellcasting
 - Level 2.6 Hexes


You had 3 spell levels left.
You knew the following spells:

 Your Spells              Type           Power      Damage    Failure   Level
a - Slow                  Hex            28%        N/A       30%         1

Your spell library contained the following spells:

 Spells                   Type           Power      Damage    Failure   Level
 Inner Flame              Hex/Fire       3%         N/A       85%         3
 Portal Projectile        Hex/Tloc       6%         N/A       85%         3
 Cause Fear               Hex            3%         N/A       97%         4

Inventory:

Hand Weapons
 Y - a +0 arbalest (weapon)
Armour
 f - a +0 ring mail (worn)
Jewellery
 i - an amulet of faith (around neck)
Scrolls
 e - a scroll of identify
Potions
 c - a potion of haste {unknown}

Dungeon Overview and Level Annotations

Branches:
Dungeon (3/15)

Altars:


Message History

The endoplasm is moderately wounded.
The endoplasm freezes you.
You are frozen.
The endoplasm hits you but does no damage.
You shoot a bolt. The bolt barely misses the endoplasm.
The endoplasm freezes you.
You are frozen.
The endoplasm freezes you.
You are frozen.
1516 ||| STAIRDANCE The endoplasm freezes you.
You are frozen.
You climb upwards.
There is a stone staircase leading down here.
Enter note:
Enter note:
Enter note:
Enter note:
Enter note:
Enter note:
Enter note:
Enter note:
Enter note:
Enter note:
Enter note:
Enter note: You shoot a bolt.
The bolt hits the endoplasm but does no damage.
The endoplasm is moderately wounded.
The endoplasm barely misses you. The endoplasm freezes you.
You are frozen.
You shoot a bolt.
The bolt hits the endoplasm but does no damage.
The endoplasm is moderately wounded.
The endoplasm freezes you.
You are frozen.
The endoplasm freezes you.
You are frozen.
You die...

##### #.... #....
#...7
##############....
#@J.............77
#.##...#######..7.
###'####...# #)...
#........#.# #....
#........#.### #####
#........#...###
#........#.#...#####
###.######..........
#.# #.##..#####


You could see an endoplasm.

Vanquished Creatures
  An adder (D:2)
  A worm (D:2)
  A dart slug (D:2)
  3 ball pythons
  3 endoplasms
  4 goblins
  A hobgoblin (D:1)
  2 quokkas
  A frilled lizard (D:2)
  2 kobolds (D:2)
  2 rats (D:1)
21 creatures vanquished.

Notes
Turn   | Place    | Note
-------+----------+-------------------------------------------
     0 | D:1      | qw the Gargoyle Hexslinger began the quest for the Orb.
     0 | D:1      | Reached XP level 1. HP: 12/12 MP: 2/2
     0 | D:1      | 0 ||| qw: Version: 0.3-a-46-gb1f654a
     0 | D:1      | 0 ||| qw: Game counter: 2456
     0 | D:1      | 0 ||| qw: Melee chars always use a shield: true
     0 | D:1      | 0 ||| qw: God list: Okawaru
     0 | D:1      | 0 ||| qw: Allow faded altars: false
     0 | D:1      | 0 ||| qw: Do Orc after clearing Dungeon:15 true
     0 | D:1      | 0 ||| qw: Do second Lair branch before Depths: true
     0 | D:1      | 0 ||| qw: Lair rune preference: random
     0 | D:1      | 0 ||| qw: Goals: Normal
     0 | D:1      | 0 ||| PLANNING D:1-11
    74 | D:1      | Found a faded altar of an unknown god.
   449 | D:1      | Reached XP level 2. HP: 16/16 MP: 3/3
   731 | D:1      | 731 ||| UPGRADING to +0 leather armour.
   741 | D:1      | 741 ||| DROPPING +0 robe.
   742 | D:1      | 742 ||| UPGRADING to +0 ring mail.
   752 | D:1      | 752 ||| DROPPING +0 leather armour.
   753 | D:1      | 753 ||| UPGRADING to amulet of faith.
   758 | D:1      | 758 ||| DROPPING ring of flight.
   759 | D:1      | 759 ||| READING scroll labelled WERUVA DIOBE.
   760 | D:1      | 760 ||| READING scroll labelled MUPPAP ITIS.
   761 | D:1      | 761 ||| READING 2 scrolls labelled ETEAPP NOLYU.
   762 | D:1      | 762 ||| DROPPING scroll of poison.
   763 | D:1      | 763 ||| DROPPING scroll of fear.
   812 | D:2      | 812 ||| SWAPPING to +0 arbalest.
   813 | D:2      | 813 ||| DROPPING +1 sling.
   830 | D:2      | Reached skill level 3 in Ranged Weapons
   832 | D:2      | Reached XP level 3. HP: 20/20 MP: 4/4
  1487 | D:2      | 1487 ||| READING scroll labelled ZERYXUXKUE.
  1488 | D:2      | 1488 ||| READING 2 scrolls labelled VADA ED ROSCH.
  1489 | D:2      | 1489 ||| DRINKING 2 fizzy coppery potions.
  1490 | D:2      | 1490 ||| DROPPING potion of degeneration.
  1512 | D:3      | 1512 ||| PLANNING SEWER
  1516 | D:3      | 1516 ||| STAIRDANCE
  1518 | D:2      | HP: 4/21 [frozen (4)]
  1519 | D:2      | Frozen to death by an endoplasm

Levels and vault maps discovered:
D:1:      nagdon_arrival_zigzag_paths, layout_loops_ring,
          chequers_ecumenical_altar_grove
D:2:      layout_basic, dreamdust_mushroom_princess, minmay_crystal_water,
          chequers_garden
D:3:      layout_basic, lightli_sewer_entry_pipes, serial_shops,
          nicolae_shop_overgrown_old_shop, uniq_grinder

Skill      XL: |  1  2  3 |
---------------+----------+-----
Ranged Weapons | 3 |  3.2
Fighting       | 2 |  2.0
Dodging        | |  1.5
Spellcasting   | |  1.0
Hexes          | |  2.6

Action                     || total
---------------------------++-------
   Fire: Sling             ||    23
         Arbalest          ||    37
    Use: Scroll            ||     5
         Potion            ||     1
 Armour: Ring mail         ||    11
  Dodge: Dodged            ||    10

Table legend:
 A = Non-vault XP
 B = Vault XP
 C = Vault XP percentage of total XP
 D = Non-vault monster count
 E = Vault monster count
 F = Vault count percentage of total count
                 A         B        C        D         E       F
            +---------+---------+-------+---------+---------+-------
      Total |      51 |       0 |   0.0 |      21 |       0 |   0.0
            +---------+---------+-------+---------+---------+-------
        D:1 |      15 |       0 |   0.0 |       9 |       0 |   0.0
        D:2 |      36 |       0 |   0.0 |      12 |       0 |   0.0
            +---------+---------+-------+---------+---------+-------
